[Event "*** Titled Tuesday Blitz"]
[Site "Chess.com"]
[Date "2021.03.30"]
[Round "10"]
[White "Horizonevent"]
[Black "Loy_Konstantin"]
[Result "1-0"]
[WhiteElo "2535"]
[BlackElo "2346"]
[TimeControl "180+1"]
[EndTime "11:59:58 PDT"]
[Termination "Horizonevent won on time"]

1. e4 c5 2. Nf3 d6 3. d4 cxd4 4. Nxd4 Nf6 5. Nc3 g6 6. g3 Nc6 7. Bg2 Nxd4 8. Qxd4 Bg7 9. O-O O-O 10. Qd3 Be6 11. Be3 Qc7 12. Rfd1 a6 13. Bd4 b5 14. Nd5 Nxd5 15. Bxg7 Nb4 16. Qc3 Qxc3 17. Bxc3 Nxc2 18. Rac1 b4 19. Rxc2 bxc3 20. Rxc3 Bxa2 21. e5 Rab8 22. exd6 exd6 23. Rxd6 Rxb2 24. Rxa6 Rb1+ 25. Bf1 Bd5 26. f3 Rfb8 27. Kf2 R8b2+ 28. Be2 Bb7 29.
Rd6 Kg7 30. h4 h5 31. Re3 Rb6 32. Rxb6 Rxb6 33. Ra3 Bd5 34. Ke3 Rb3+ 35. Rxb3 Bxb3 36. f4 Kf6 37. Bd3 Ke6 38. Kd4 Kd6 39. Be4 Be6 40. Bd3 Bb3 41. f5 gxf5 42. Bxf5 Bd1 43. Bc8 f6 44. Ke3 Ke5 45. Bd7 Kd6 46. Be8 Ke5 47.
Bf7 f5 48. Bg6 Bg4 49. Bh7 Bd1 50. Bg6 Bg4 51. Be8 Kf6 52. Kf4 Bd1 53. Bd7 Bg4 54. Bc8 Bh3 55. Bb7 Bg4 56. Bc6 Bh3 57. Bf3 Kg6 58.
Ke5 Bf1 59. Bd5 Bh3 60. Be6 Bg4 61. Bd7 Bh3 62. Be8+ Kg7 63. Bxh5 Kh6 64. Bf3 Kg7 65. Kf4 Kg6 66. Bb7 Kf6 67. Bc8 Bg4 68. Bb7 Bh3 69.
Ba6 Bg4 70. Bd3 Bh3 71. Be2 Kg6 72. Bf3 Kf6 73. h5 Bf1 74. Bd1 Bb5 75. Bc2 Be8 76.
Bd1 Bf7 77. Be2 Be8 78. Bd3 Bxh5 79. Bxf5 Bd1 80. Be4 Be2 81. Bf5 Bd1 82. Bg4 Bc2 83. Bh5 Bf5 84. Bf3 Bc2 85. Be4 1-0

[Event "*** Titled Tuesday Blitz"]
[Site "Chess.com"]
[Date "2021.03.30"]
[Round "10"]
[White "MaevskiyNikolay"]
[Black "Bigfish1995"]
[Result "1/2-1/2"]
[WhiteElo "2565"]
[BlackElo "2982"]
[TimeControl "180+1"]
[EndTime "12:00:05 PDT"]
[Termination "Game drawn by repetition"]

1. Nf3 d5 2. c4 e5 3. cxd5 Bd6 4. Nc3 f5 5. d4 e4 6. Ne5 Nf6 7. Bf4 O-O 8. e3 Nbd7 9. Nxd7 Bxd7 10. Bxd6 cxd6 11.
Be2 Qb6 12. Qb3 Qxb3 13. axb3 a6 14. h4 Rfc8 15. Kd2 Be8 16. f3 exf3 17. gxf3 Bf7 18.
e4 Re8 19. Bd3 Bh5 20. Rhf1 Re7 21. exf5 Bf7 22. Be4 Rd8 23. Rfe1 Kf8 24. b4 Rc7 25. Kd3 Nh5 26. b5 Nf4+ 27. Kd2 Rb8 28. Reb1 axb5 29.
Nxb5 Rd7 30. Nc3 b5 31. b4 Rc7 32. Rc1 Rc4 33. Ne2 Nxe2 34. Kxe2 Rxb4 35. Rc7 Ra4 36. Rxa4 bxa4 37. Ra7 Be8 38. f6 gxf6 39. Bxh7 Rb2+ 40. Ke3 Ra2 41. Ra8 Ke7 42. Ra7+ Kf8 43. Bd3 a3 44. Ra8 Ke7 45. Ra7+ Kf8 46. Ra8 Ra1 47.
Bb5 a2 48. Rxe8+ Kf7 49. Ra8 Re1+ 50. Kf4 a1=Q 51. Rxa1 Rxa1 52. Bd7 Rd1 53. Ke3 Rh1 54. Be6+ Kg6 55. Kf4 Rxh4+ 56. Ke3 Kg5 57. Bd7 f5 58. Be6 f4+ 59. Ke2 Rh2+ 60. Kd3 Rf2 61. Bg4 Ra2 62. Kc4 Ra5 63. Be6 Kh4 64. Kd3 Kg3 65. Ke4 Ra3 66. Bg4 Re3+ 67. Kf5 Rxf3 68. Bxf3 Kxf3 69. Ke6 Ke4 70.
Kxd6 f3 71. Kc6 f2 72. d6 f1=Q 73. d7 Qc4+ 74. Kd6 Qd5+ 75. Ke7 Qg5+ 76. Ke8 Qg6+ 77. Ke7 Qg7+ 78. Ke8 Qh8+ 79. Ke7 Qh4+ 80. Ke8 Qh5+ 81. Ke7 Qg5+ 82. Ke8 Qg6+ 83. Ke7 Qh7+ 84. Ke8 Qh5+ 85.
Ke7 Qg5+ 1/2-1/2

[Event "*** Titled Tuesday Blitz"]
[Site "Chess.com"]
[Date "2021.03.30"]
[Round "10"]
[White "Gloomy_Wanderer"]
[Black "gilbert_gm"]
[Result "0-1"]
[WhiteElo "2701"]
[BlackElo "2599"]
[TimeControl "180+1"]
[EndTime "12:00:58 PDT"]
[Termination "gilbert_gm won on time"]

1. d4 Nf6 2. Nf3 e6 3. c4 Bb4+ 4. Bd2 Qe7 5. g3 O-O 6. Bg2 Bxd2+ 7. Qxd2 d6 8. O-O e5 9. Nc3 Nc6 10. e3 Bg4 11. h3 Bf5 12. Nh4 Bd7 13. Rac1 Rfe8 14.
Nd5 Qd8 15. Nf3 Bf5 16. Rfd1 Ne4 17. Qe1 h6 18. b4 Qc8 19. b5 Nd8 20. c5 dxc5 21.
Nxe5 c6 22. bxc6 bxc6 23. Nf4 Ne6 24. Nxe6 Qxe6 25. g4 Bh7 26. f3 cxd4 27. exd4 Nf6 28. Rxc6 Qxa2 29. f4 Rad8 30. f5 Qa4 31. Rc4 Qxc4 32.
Nxc4 Rxe1+ 33. Rxe1 Rxd4 34. Ne5 Rd8 35. Ra1 g6 36.
fxg6 Bxg6 37. Rxa7 Re8 38. Nf3 Kf8 39. Nh4 Re7 40.
Ra8+ Kg7 41. Ra6 Ng8 42. Kf2 Nf6 43. Bf3 Ne4+ 44. Bxe4 Rxe4 45. Nf3 Re7 46. Kg3 Re3 47. Kf4 Re4+ 48. Kg3 Re3 49. Ra7 Be4 50. Kf4 Rxf3+ 51. Kxe4 Rxh3 52. Kf4 Rb3 53. Ra6 Rb4+ 54. Kf5 Rb5+ 55.
Kf4 Rb7 56. Kf5 Rc7 57. Rb6 Rd7 58. Rc6 Ra7 59. Rb6 Ra5+ 60. Kf4 Ra8 61. Kf5 Re8 62. Ra6 Re1 63. Rb6 Rf1+ 64. Ke4 Rf6 65. Rb5 Kg6 66. Ra5 Rf1 67. Rb5 Rf2 68. Ra5 Rf6 69. Rb5 Ra6 70. Kf4 Ra4+ 71. Kf3 Rc4 72. Kg3 Rc6 73. Kf3 Rc1 74.
Kf4 Rc3 75. Ke4 Rc6 76. Kf4 Re6 77. Kf3 Kg7 78. Kf4 Rg6 79. Kf3 Rg5 80. Rb6 Ra5 81.
Rc6 f6 82. Rc7+ Kg6 83. Rc8 Re5 84. Kf4 Ra5 85. Rg8+ Kf7 86. Rb8 h5 87. gxh5 Rxh5 88. Rb7+ Kg6 89. Rb8 Re5 90. Rg8+ Kf7 91. Rb8 Ra5 92.
Rc8 Ra4+ 93. Kf5 Ra5+ 94. Kf4 Ke7 95. Rc7+ Ke6 96. Rc6+ Kf7 97. Rc7+ Kg6 98. Rc4 Rh5 99. Rc8 Rh4+ 100. Kf3 Ra4 101. Rb8 f5 102. Kf2 Ra3 103. Rb7 Kg5 104. Rb8 Kg4 105. Rb4+ f4 106. Rb8 Ra2+ 107. Kf1 Kg3 108. Rg8+ Kf3 0-1

[Event "*** Titled Tuesday Blitz"]
[Site "Chess.com"]
[Date "2021.03.30"]
[Round "11"]
[White "AustrianFalcon"]
[Black "WiktoriaPOL"]
[Result "1-0"]
[WhiteElo "2441"]
[BlackElo "2055"]
[TimeControl "180+1"]
[EndTime "12:04:11 PDT"]
[Termination "AustrianFalcon won by resignation"]

1. c4 Nf6 2. Nc3 g6 3. e4 d6 4.
d4 Bg7 5. h3 O-O 6. Bg5 c5 7.
d5 e6 8. Bd3 exd5 9. exd5 Re8+ 10. Be3 Qb6 11. Qd2 Bh6 12. Nf3 Nbd7 13. O-O Bxe3 14.
fxe3 Ne5 15. Nxe5 dxe5 16. Qf2 Kg7 17. Ne4 Bf5 18. Nxf6 Qxf6 19. e4 Qb6 20. exf5 e4 21.
f6+ Kg8 22. Qh4 Qd6 23. Bxe4 Qf8 24. Rae1 Kh8 25. Bc2 1-0

[Event "*** Titled Tuesday Blitz"]
[Site "Chess.com"]
[Date "2021.03.30"]
[Round "11"]
[White "sorrm8thatscheckm8"]
[Black "jcibarra"]
[Result "0-1"]
[WhiteElo "2639"]
[BlackElo "2853"]
[TimeControl "180+1"]
[EndTime "12:04:24 PDT"]
[Termination "jcibarra won by resignation"]

1. d4 Nf6 2. c4 d6 3. Nf3 g6 4.
g3 Bg7 5. Bg2 O-O 6. O-O Bf5 7.
Nc3 Ne4 8. Nxe4 Bxe4 9. Be3 c5 10. Qd2 Qb6 11. Rad1 Nc6 12. d5 Nb4 13. b3 Qa5 14.
Bh3 Qxa2 15. Ng5 Qxd2 16. Rxd2 Bc2 17. Rxc2 Nxc2 18. Bd2 Nd4 0-1

[Event "*** Titled Tuesday Blitz"]
[Site "Chess.com"]
[Date "2021.03.30"]
[Round "11"]
[White "Leo_C"]
[Black "Sergey85Rodchenkov"]
[Result "1/2-1/2"]
[WhiteElo "2399"]
[BlackElo "2520"]
[TimeControl "180+1"]
[EndTime "12:04:34 PDT"]
[Termination "Game drawn by agreement"]

1. d4 Nf6 2. c4 e6 3. Nc3 Bb4 4. e3 c5 5. d5 b5 6. dxe6 fxe6 7. cxb5 d5 8. Bd2 O-O 9. a3 Ba5 10. Nf3 Nbd7 11. Rb1 Bb7 12. b4 cxb4 13. axb4 Bb6 14. Be2 e5 15. O-O Rc8 16. Na4 Qe7 17. Bc3 d4 18.
exd4 Ne4 19. Ba1 exd4 20. Nxb6 Nxb6 21. Bxd4 1/2-1/2

[Event "*** Titled Tuesday Blitz"]
[Site "Chess.com"]
[Date "2021.03.30"]
[Round "11"]
[White "akanga001"]
[Black "campomania3"]
[Result "0-1"]
[WhiteElo "2025"]
[BlackElo "2225"]
[TimeControl "180+1"]
[EndTime "12:04:40 PDT"]
[Termination "campomania3 won by resignation"]

1. d4 d5 2. Nf3 Nf6 3. Bg5 Ne4 4. Bf4 Bf5 5. e3 e6 6. Bd3 Be7 7. O-O O-O 8. c3 c5 9. Re1 Nc6 10. a4 a6 11. Qc2 cxd4 12. exd4 Rc8 13. Qe2 Qb6 14. Ne5 Nxe5 15. Bxe5 Bg6 16. f3 Nd6 17. Bxg6 hxg6 18. Bxd6 Bxd6 19. b4 e5 20. a5 Qa7 21.
Qd3 exd4 22. Qxd4 Qxd4+ 23. cxd4 Bxb4 24. Rd1 0-1

[Event "*** Titled Tuesday Blitz"]
[Site "Chess.com"]
[Date "2021.03.30"]
[Round "11"]
[White "Redzishchess"]
[Black "monikarozman"]
[Result "1-0"]
[WhiteElo "2342"]
[BlackElo "2196"]
[TimeControl "180+1"]
[EndTime "12:04:43 PDT"]
[Termination "Redzishchess won by resignation"]

1. f4 d5 2. Nf3 Nc6 3. e3 Bg4 4. Be2 Bxf3 5. Bxf3 e5 6. fxe5 Nxe5 7. O-O Bd6 8. Bxd5 Nf6 9. Bxb7 Rb8 10. Bf3 Nxf3+ 11.
Qxf3 O-O 12. Nc3 Rb4 13. d4 c5 14. a3 Rb8 15. Kh1 Qc7 16. h3 g6 17. Qxf6 1-0

[Event "*** Titled Tuesday Blitz"]
[Site "Chess.com"]
[Date "2021.03.30"]
[Round "11"]
[White "swisspower96"]
[Black "jacky72"]
[Result "0-1"]
[WhiteElo "2604"]
[BlackElo "2721"]
[TimeControl "180+1"]
[EndTime "12:04:52 PDT"]
[Termination "jacky72 won by resignation"]

1. d4 Nf6 2. c4 g6 3. Nc3 Bg7 4. e4 O-O 5. h3 d6 6. Be3 c5 7. Nf3 cxd4 8. Nxd4 b6 9. Qc2 Bb7 10. O-O-O Nbd7 11. Kb1 Nc5 12. f3 a6 13. g4 b5 14.
cxb5 axb5 15. Bxb5 Qa5 16. Rhe1 Nfxe4 17. fxe4 Bxe4 18. Nxe4 Qxa2+ 19. Kc1 Bxd4 20. Nxc5 dxc5 21. Bxd4 cxd4 22. Rxd4 Qa1+ 23. Qb1 Qa5 24. Re5 Qc7+ 0-1

[Event "*** Titled Tuesday Blitz"]
[Site "Chess.com"]
[Date "2021.03.30"]
[Round "11"]
[White "QuintilianoR"]
[Black "Ranindu2003"]
[Result "1-0"]
[WhiteElo "2723"]
[BlackElo "2605"]
[TimeControl "180+1"]
[EndTime "12:04:57 PDT"]
[Termination "QuintilianoR won by resignation"]

1. Nf3 Nf6 2. c4 e6 3. Nc3 d5 4. e3 dxc4 5. Bxc4 a6 6. d4 b5 7. Bb3 Bb7 8. O-O Nbd7 9. e4 Nxe4 10. Nxe4 Bxe4 11. Re1 Nf6 12. Rxe4 Nxe4 13. Qc2 Nf6 14. Qc6+ Nd7 15. Ne5 Rb8 16. Nxf7 Qf6 17. Ne5 Rd8 18.
Bxe6 Bd6 19. Nxd7 Ke7 20. Nxf6 1-0

[Event "*** Titled Tuesday Blitz"]
[Site "Chess.com"]
[Date "2021.03.30"]
[Round "11"]
[White "Grieve72"]
[Black "xozr"]
[Result "1-0"]
[WhiteElo "2477"]
[BlackElo "2355"]
[TimeControl "180+1"]
[EndTime "12:05:03 PDT"]
[Termination "Grieve72 won by resignation"]

1. e4 c5 2. Nf3 Nc6 3. d4 cxd4 4.
Nxd4 g6 5. c4 Bg7 6. Be3 Nf6 7.
Nc3 O-O 8. Be2 a5 9. f3 Qb6 10. Qd2 a4 11. Ne6 Qa5 12. Nxf8 Bxf8 13. O-O d6 14. Nd5 Nd7 15. Qxa5 Rxa5 16. b4 axb3 17.
axb3 Nc5 18. Rxa5 Nxa5 19. b4 e6 20. Nb6 Bd7 21. Nxd7 1-0

[Event "*** Titled Tuesday Blitz"]
[Site "Chess.com"]
[Date "2021.03.30"]
[Round "11"]
[White "hypert"]
[Black "Kildepiotr"]
[Result "1-0"]
[WhiteElo "2550"]
[BlackElo "2660"]
[TimeControl "180+1"]
[EndTime "12:05:15 PDT"]
[Termination "hypert won by resignation"]

1. e4 g6 2. Nc3 Bg7 3. d4 c6 4. Be3 d5 5. h3 dxe4 6. Nxe4 Nf6 7. Nxf6+ Bxf6 8. Nf3 Be6 9. Qd2 Nd7 10.
c4 Nb6 11. b3 c5 12. Rd1 cxd4 13. Bxd4 Bxd4 14. Nxd4 Qd6 15. Qe3 Qb4+ 16. Rd2 Bd7 17. Be2 O-O 18. O-O Rad8 19. Rfd1 Qc5 20. Bf3 Qc7 21.
Qxe7 Rde8 22. Qf6 Bc8 23. Nb5 Qe5 24. Qxe5 Rxe5 25. Nxa7 Re7 26. c5 Na8 27. Nxc8 Rxc8 28. Rd8+ Re8 29. Rxc8 Rxc8 30. Bxb7 1-0

[Event "*** Titled Tuesday Blitz"]
[Site "Chess.com"]
[Date "2021.03.30"]
[Round "11"]
[White "Loy_Konstantin"]
[Black "Orest_Vovk"]
[Result "0-1"]
[WhiteElo "2341"]
[BlackElo "2484"]
[TimeControl "180+1"]
[EndTime "12:05:30 PDT"]
[Termination "Orest_Vovk won by resignation"]

1. e4 g5 2. d4 h6 3. h4 g4 4. Qxg4 d5 5. Qe2 dxe4 6. Qxe4 Nf6 7. Qd3 Nc6 8. Nf3 Bg4 9. c3 Qd7 10. Bf4 O-O-O 11. Nbd2 Nd5 12. Bg3 Bf5 13. Qb5 Rg8 14.
Bc4 e6 15. Bxd5 exd5 16. O-O-O Kb8 17. Rhe1 Nb4 0-1

[Event "*** Titled Tuesday Blitz"]
[Site "Chess.com"]
[Date "2021.03.30"]
[Round "11"]
[White "ChessWarrior7197"]
[Black "BilodeauA"]
[Result "1-0"]
[WhiteElo "2921"]
[BlackElo "2923"]
[TimeControl "180+1"]
[EndTime "12:05:32 PDT"]
[Termination "ChessWarrior7197 won by resignation"]

1. e4 e5 2. Nf3 Nc6 3. Bb5 a6 4. Bxc6 dxc6 5. O-O Qf6 6. d4 exd4 7. Bg5 Qd6 8. Nxd4 Be7 9. Be3 Nh6 10. f3 Bd7 11. Nd2 O-O-O 12. Qe2 Rhe8 13. Nc4 Qf6 14. Rad1 Bf8 15. Nb3 Be6 16. Nca5 Qxb2 17. Nxb7 Rxd1 18.
Rxd1 Qa3 19. N7a5 Bd6 20. Qxa6+ Kd7 21. Bc5 Qxa2 22. Rxd6+ 1-0

[Event "*** Titled Tuesday Blitz"]
[Site "Chess.com"]
[Date "2021.03.30"]
[Round "11"]
[White "ecwinslow"]
[Black "KeithArkell"]
[Result "0-1"]
[WhiteElo "2312"]
[BlackElo "2594"]
[TimeControl "180+1"]
[EndTime "12:05:39 PDT"]
[Termination "KeithArkell won by resignation"]

1. e4 c6 2. d4 d5 3. exd5 cxd5 4. c4 Nf6 5. Nc3 g6 6. Nf3 Bg7 7. Be2 O-O 8. O-O dxc4 9. Bxc4 Bg4 10. h3 Bxf3 11.
Qxf3 Nc6 12. d5 Ne5 13. Qe2 Nxc4 14. Qxc4 Qd7 15. Be3 Rfc8 16. Qb3 a6 17. a4 Qc7 18.
Rfe1 Ne8 19. Bb6 Qd7 20. Rad1 Nd6 21. Bd4 Bxd4 22. Rxd4 b5 23. axb5 axb5 24. Rb4 Rc5 25. Ne4 Nxe4 26. Rbxe4 Re8 27. Qe3 Rxd5 28. Rxe7 Rxe7 29.
Qxe7 Qxe7 30. Rxe7 Rd1+ 31. Kh2 Rd2 32. b4 Rxf2 33. Re5 Rf5 34. Rxf5 gxf5 35. Kg3 Kg7 36. Kf4 Kf6 37. g3 h6 38. h4 Ke6 39. g4 fxg4 40.
Kxg4 f5+ 41. Kf4 Kf6 0-1

[Event "*** Titled Tuesday Blitz"]
[Site "Chess.com"]
[Date "2021.03.30"]
[Round "11"]
[White "andriipalchuk"]
[Black "Murad_Ibrahimli"]
[Result "1-0"]
[WhiteElo "2645"]
[BlackElo "2797"]
[TimeControl "180+1"]
[EndTime "12:05:40 PDT"]
[Termination "andriipalchuk won by resignation"]

1. d4 Nf6 2. c4 g6 3. Nf3 Bg7 4. g3 O-O 5. Bg2 c5 6. dxc5 Na6 7.
O-O Nxc5 8. Nc3 d6 9. Nd4 a5 10. h3 Bd7 11. Be3 Qc8 12. Kh2 Bc6 13. Nxc6 bxc6 14. Bxc5 dxc5 15. Qc2 Nd7 16. Rad1 Rb8 17.
b3 f5 18. Na4 Qc7 19. e3 h5 20. Kh1 h4 21. gxh4 Bf6 22. h5 Kg7 23. hxg6 f4 24. Qf5 Ne5 25. Nxc5 Qc8 26. Ne6+ Kg8 27. exf4 1-0

[Event "*** Titled Tuesday Blitz"]
[Site "Chess.com"]
[Date "2021.03.30"]
[Round "11"]
[White "reniite"]
[Black "MerryPoppies"]
[Result "1-0"]
[WhiteElo "2020"]
[BlackElo "2207"]
[TimeControl "180+1"]
[EndTime "12:05:40 PDT"]
[Termination "reniite won by resignation"]

1. e4 e5 2. Nf3 Nc6 3. Bc4 Bc5 4. b4 Bxb4 5. c3 Ba5 6. d4 Nxd4 7. Nxd4 exd4 8.
Qh5 d5 9. Bxd5 Qe7 10. Ba3 c5 11. Bxc5 Qxc5 12. Bxf7+ Kf8 13. Qxc5+ Kxf7 14. Qxa5 Nf6 15. O-O 1-0

[Event "*** Titled Tuesday Blitz"]
[Site "Chess.com"]
[Date "2021.03.30"]
[Round "11"]
[White "BvsN"]
[Black "kamilianin235"]
[Result "1-0"]
[WhiteElo "2382"]
[BlackElo "2268"]
[TimeControl "180+1"]
[EndTime "12:05:42 PDT"]
[Termination "BvsN won by resignation"]

1. c4 e5 2. Nc3 Nf6 3. Nf3 d6 4. g3 Nc6 5. Bg2 g6 6. d4 exd4 7.
Nxd4 Bd7 8. O-O Bg7 9. Nc2 O-O 10. e4 Re8 11. h3 a6 12. Be3 Qc8 13. Kh2 Ne7 14. f4 Bc6 15. Nd5 Nexd5 16. cxd5 Bxd5 17. exd5 Qd7 18. Bd4 c5 19. dxc6 bxc6 20. Re1 Rac8 21. Rxe8+ Nxe8 22. Bxg7 Nxg7 23. Qd2 Ne6 24. Rd1 d5 25.
Nd4 Nc5 26. f5 Rd8 27. f6 Qd6 28. Rf1 Ne4 29. Bxe4 dxe4 30. Qh6 Qf8 31. Qxf8+ Kxf8 32. Nxc6 Rd2+ 33. Kg1 Rxb2 34. Rd1 1-0

[Event "*** Titled Tuesday Blitz"]
[Site "Chess.com"]
[Date "2021.03.30"]
[Round "11"]
[White "InitiatingASC"]
[Black "Ladislav1969"]
[Result "1/2-1/2"]
[WhiteElo "2431"]
[BlackElo "2348"]
[TimeControl "180+1"]
[EndTime "12:05:46 PDT"]
[Termination "Game drawn by repetition"]

1. d4 Nf6 2. c4 g6 3. Nc3 d5 4. cxd5 Nxd5 5. e4 Nxc3 6. bxc3 c5 7. Nf3 Bg7 8. Be3 Bg4 9. Be2 Nc6 10. O-O Bxf3 11. Bxf3 cxd4 12. cxd4 Nxd4 13. Qa4+ Qd7 14. Qxd7+ Kxd7 15. Rfd1 e5 16. Bg4+ Ke7 17. Rac1 h5 18. Bh3 Rhd8 19. Rc7+ Ke8 20. Bxd4 Rxd4 21. Rxd4 exd4 22.
Rxb7 d3 23. Kf1 Rd8 24. Ke1 Rd4 25. Rxa7 Rxe4+ 26. Kd2 Rd4 27. Ra8+ Ke7 28. Ra7+ Ke8 29. Ra8+ Ke7 30. Ra7+ Ke8 1/2-1/2

[Event "*** Titled Tuesday Blitz"]
[Site "Chess.com"]
[Date "2021.03.30"]
[Round "11"]
[White "chessdiamant"]
[Black "AlexSuv"]
[Result "0-1"]
[WhiteElo "2380"]
[BlackElo "2536"]
[TimeControl "180+1"]
[EndTime "12:05:54 PDT"]
[Termination "AlexSuv won by resignation"]

1. e4 c5 2. Nf3 e6 3. d4 cxd4 4.
Nxd4 Nc6 5. Nc3 Qc7 6. Be2 a6 7. Be3 Nf6 8. O-O Bb4 9. Na4 Be7 10. Nxc6 bxc6 11. Nb6 Rb8 12. Nxc8 Qxc8 13. Bd4 c5 14. Bc3 O-O 15. b3 Nxe4 16. Bb2 Bf6 17. Bxf6 Nxf6 18.
Qd2 d5 19. Qa5 Ra8 20. c4 Qd8 21. cxd5 Qxa5 22. dxe6 fxe6 23. Bf3 Rad8 24. Rfe1 Rd3 25. Rxe6 Rxf3 26. gxf3 Nh5 27. Rae1 Nf4 28. R6e4 Qb6 29. Rd1 Qg6+ 30. Kf1 Qg2+ 31. Ke1 Qxf3 32. Re7 Ng2+ 33. Kd2 Rd8+ 34. Kc2 Qxd1+ 35. Kb2 Qd2+ 36. Ka3 Qb4+ 37. Kb2 Rd2+ 38. Kb1 Qc3 39. Re8+ Kf7 0-1

[Event "*** Titled Tuesday Blitz"]
[Site "Chess.com"]
[Date "2021.03.30"]
[Round "11"]
[White "Eternauta2400"]
[Black "nrvisakh"]
[Result "0-1"]
[WhiteElo "2432"]
[BlackElo "2789"]
[TimeControl "180+1"]
[EndTime "12:06:07 PDT"]
[Termination "nrvisakh won by resignation"]

1. e4 c5 2. Nf3 g6 3. c3 d5 4.
exd5 Qxd5 5. d4 Nc6 6. Be3 cxd4 7.
Nxd4 Bg7 8. Nxc6 Qxd1+ 9. Kxd1 bxc6 10. Kc2 Nf6 11. Bd3 Ng4 12. Nd2 Nxe3+ 13. fxe3 O-O 14. Nb3 Be5 15. Be4 Rb8 16. Bxc6 Bf5+ 17. e4 Be6 18. Bd5 Bc8 19. g3 Kg7 20. Nd4 e6 21. Bb3 Bb7 22. Rhe1 h5 23. Rad1 Rfd8 24. Nf3 Bf6 25. Rxd8 Rxd8 26. h4 Be7 27. Bc4 Bc5 28. Re2 Bd6 29. Rg2 Bxe4+ 0-1

[Event "*** Titled Tuesday Blitz"]
[Site "Chess.com"]
[Date "2021.03.30"]
[Round "11"]
[White "ViktoriyaTarasova"]
[Black "Deepweb2020"]
[Result "1-0"]
[WhiteElo "2427"]
[BlackElo "2490"]
[TimeControl "180+1"]
[EndTime "12:06:07 PDT"]
[Termination "ViktoriyaTarasova won by resignation"]

1. d4 Nf6 2. c4 e6 3. Nc3 Bb4 4. Nf3 b6 5. e3 Bb7 6. Bd3 Ne4 7. O-O Bxc3 8. bxc3 O-O 9. Ba3 d6 10. Qc2 f5 11. d5 exd5 12. Nd4 dxc4 13. Bxc4+ Kh8 14. Ne6 Qf6 15. Nxf8 Qxf8 16. f3 Nf6 17. Qxf5 Nbd7 18. Rae1 Ne5 19. Be2 Qf7 20. Qc2 Qe6 21. e4 Ng6 22.
Bc1 Nh5 23. f4 Bxe4 24. Bf3 Bxc2 25. Rxe6 Nhxf4 26. Bxf4 Nxf4 27. Bxa8 Nxe6 28. Bd5 Bd3 29. Rf2 1-0

[Event "*** Titled Tuesday Blitz"]
[Site "Chess.com"]
[Date "2021.03.30"]
[Round "11"]
[White "McCarthyStone"]
[Black "Tea99"]
[Result "0-1"]
[WhiteElo "2393"]
[BlackElo "2301"]
[TimeControl "180+1"]
[EndTime "12:06:13 PDT"]
[Termination "Tea99 won by resignation"]

1. e4 c5 2. Nf3 Nc6 3. d3 g6 4.
g3 Bg7 5. Bg2 d6 6. O-O e6 7. c3 e5 8. Be3 Nge7 9. d4 exd4 10. cxd4 Bg4 11. d5 Ne5 12. Nbd2 O-O 13. Qc2 b5 14. Nxe5 Bxe5 15. h3 Bd7 16. f4 Bg7 17.
Nf3 f5 18. Ng5 Qc8 19. Rfe1 h6 20. Ne6 Bxe6 21. dxe6 Rb8 22. Rad1 Qxe6 23. exf5 Qxf5 24. Bxc5 Qxc2 25. Rc1 Qxb2 26. Bxd6 Nf5 27. Bxb8 Rxb8 28. g4 Bd4+ 29. Kh2 Ne3 30. Rxe3 Bxe3 0-1

[Event "*** Titled Tuesday Blitz"]
[Site "Chess.com"]
[Date "2021.03.30"]
[Round "11"]
[White "BlackWidow515"]
[Black "BJthechessgod"]
[Result "0-1"]
[WhiteElo "2195"]
[BlackElo "2327"]
[TimeControl "180+1"]
[EndTime "12:06:13 PDT"]
[Termination "BJthechessgod won by resignation"]

1. d4 Nf6 2. Nf3 e6 3. g3 b6 4. Bg2 Bb7 5. O-O Be7 6. Nbd2 O-O 7.
b3 c5 8. Bb2 cxd4 9. Nxd4 Bxg2 10. Kxg2 Nc6 11. c4 Rc8 12. N2f3 d6 13. Qd3 Ne5 14.
Qe3 Nfg4 15. Qf4 Bf6 16. h3 Nxf3 17. Qxf3 Ne5 18. Qh5 g6 19. Qh6 Bg5 20. Qxg5 Qxg5 21.
f4 Qe7 22. fxe5 dxe5 23. Nb5 f6 24. Rfd1 Qb7+ 25. Kf2 Rcd8 26. Ba3 Rxd1 27. Rxd1 Rb8 28. Rd6 a6 29. Nc3 Qh1 30. h4 Qh2+ 31. Kf3 f5 32. e4 f4 33. gxf4 Qxf4+ 34. Ke2 Rf8 35. Rd7 Qf3+ 36. Kd2 Qf2+ 37. Ne2 Rf3 38. h5 Qe3+ 39. Kd1 Rf1+ 40. Kc2 Qxe2+ 0-1

[Event "*** Titled Tuesday Blitz"]
[Site "Chess.com"]
[Date "2021.03.30"]
[Round "11"]
[White "retropwr"]
[Black "elohunter1999"]
[Result "1-0"]
[WhiteElo "2443"]
[BlackElo "2520"]
[TimeControl "180+1"]
[EndTime "12:06:17 PDT"]
[Termination "retropwr won by checkmate"]

1. c4 e5 2. Nc3 Nf6 3. Nf3 Nc6 4. e3 Bb4 5. Qc2 O-O 6. Nd5 Re8 7. a3 Bf8 8. Ng5 g6 9. Nxf6+ Qxf6 10. h4 d6 11.
b4 a5 12. b5 Nb8 13. Bb2 Nd7 14. Ne4 Qe7 15. h5 f5 16. Nc3 Nc5 17. hxg6 hxg6 18. Nd5 Qf7 19. Be2 Be6 20. O-O-O Bxd5 21. cxd5 Bg7 22.
d4 exd4 23. Bxd4 Bxd4 24. Rxd4 Kg7 25. Rdh4 Qxd5 26. Rh7+ Kf6 27. Bc4 Qe4 28. Rf7+ Kg5 29. f4+ Kg4 30. Qe2+ Kg3 31. Rh3# 1-0

[Event "*** Titled Tuesday Blitz"]
[Site "Chess.com"]
[Date "2021.03.30"]
[Round "11"]
[White "Nikolakis2014"]
[Black "Vaathi_Coming"]
[Result "0-1"]
[WhiteElo "2625"]
[BlackElo "2805"]
[TimeControl "180+1"]
[EndTime "12:06:18 PDT"]
[Termination "Vaathi_Coming won by resignation"]

1. Nf3 Nf6 2. c4 c5 3. Nc3 Nc6 4. e3 e5 5. Be2 d6 6. O-O Bf5 7. d3 Be7 8. b3 O-O 9. Bb2 h6 10.
Nd5 Bh7 11. Nd2 Nxd5 12. cxd5 Nb4 13. e4 f5 14. a3 Na6 15. exf5 Bxf5 16. Nc4 Nc7 17. Ne3 Bg6 18. b4 b6 19. Bf3 Bg5 20.
Qe2 Bf7 21. Bc3 Bxe3 22. fxe3 Nxd5 23. Bb2 Rc8 24. Bg4 Rc7 25. Rac1 Qg5 26. Rce1 Nxe3 27.
Rxf7 Rcxf7 28. Be6 Nf5 0-1

[Event "*** Titled Tuesday Blitz"]
[Site "Chess.com"]
[Date "2021.03.30"]
[Round "11"]
[White "frenchpin"]
[Black "biveklama"]
[Result "1-0"]
[WhiteElo "2528"]
[BlackElo "2370"]
[TimeControl "180+1"]
[EndTime "12:06:19 PDT"]
[Termination "frenchpin won on time"]

1. e4 e5 2. Nf3 Nc6 3. Bc4 Nf6 4. Ng5 d5 5. exd5 Nxd5 6. d4 exd4 7. O-O Be7 8. Nxf7 Kxf7 9. Qf3+ Bf6 10. Bxd5+ Kf8 11. Nd2 Ne5 12. Qe4 c6 13. Bb3 g6 14. Nf3 Bf5 15.
Bh6+ Ke7 16. Qe2 Bg4 17. Qe4 Bf5 18. Qe1 Qd6 19. Bf4 Rae8 20. Nxe5 1-0

[Event "*** Titled Tuesday Blitz"]
[Site "Chess.com"]
[Date "2021.03.30"]
[Round "11"]
[White "beto-betun"]
[Black "gxbg2000"]
[Result "1-0"]
[WhiteElo "2221"]
[BlackElo "1933"]
[TimeControl "180+1"]
[EndTime "12:06:21 PDT"]
[Termination "beto-betun won by resignation"]

1. d4 d5 2. Nf3 c6 3. g3 Nf6 4.
Bg2 g6 5. O-O Bg7 6. c4 O-O 7.
b3 Bg4 8. Bb2 e6 9. Nbd2 Bxf3 10.
Bxf3 Nbd7 11. e4 Nxe4 12. Nxe4 dxe4 13. Bxe4 Nf6 14. Bg2 Qc7 15. Qf3 Rad8 16. Rad1 Qa5 17. Bc3 Qf5 18. Qe3 Ng4 19. Qc1 h5 20. h3 Nh6 21.
Rfe1 Qf6 22. Bd2 Nf5 23. Bg5 Qxd4 24. Rxd4 Rxd4 25. Be3 Rd7 26. Rd1 Rc7 27. Bxa7 c5 28. Bb6 Rcc8 29. Rd7 Bd4 30. g4 hxg4 31. hxg4 Nh4 32.
Be4 Ra8 33. Qh6 Rxa2 34. Rxd4 Nf3+ 35. Bxf3 1-0

[Event "*** Titled Tuesday Blitz"]
[Site "Chess.com"]
[Date "2021.03.30"]
[Round "11"]
[White "Alexsur1981"]
[Black "DanielNaroditsky"]
[Result "1/2-1/2"]
[WhiteElo "2918"]
[BlackElo "3053"]
[TimeControl "180+1"]
[EndTime "12:06:26 PDT"]
[Termination "Game drawn by agreement"]

1. e4 c6 2. Nc3 d5 3. Qe2 dxe4 4. Nxe4 g6 5. Nf3 Bg7 6. d4 Nf6 7. Nxf6+ Bxf6 8. Bh6 Qa5+ 9. c3 Qh5 10. Bf4 Bg4 11. Qe3 Bxf3 12. Qxf3 Qxf3 13. gxf3 Nd7 14. Bc4 e6 15. h3 O-O 16. O-O Rfe8 17. Rfe1 b5 18.
Bd3 Nb6 19. Be4 Nd5 20. Bd6 Be7 21. Be5 Red8 22. Rac1 f5 23. Bd3 Kf7 24. c4 Nb4 25. Bb1 bxc4 26. Rxc4 Rac8 27. Rec1 Rd7 28. a3 Nd5 29. Rxc6 Rxc6 30. Rxc6 Rb7 31. b4 a5 32. Ba2 axb4 33. Bxd5 exd5 34. axb4 Bxb4 35. Kg2 Be7 36. Ra6 Bh4 37. Rd6 Rb2 38. Bg3 1/2-1/2